Map: Backwater LE

Players

Ascarecrow

  • Race: Zerg Zerg
  • League: Master
  • Spawn Location: 11:00

Bioice - Winner!

  • Race: Zerg Zerg
  • League: Grandmaster
  • Spawn Location: 5:00

VOD

Have the link to the VOD?

Description

Time

  • Played on: Feb. 3, 2018, 5:28 a.m.
  • Length: 12:42
Show
View Real Time Build Order
Export as new Build Order

Ascarecrow Zerg 

Build Orders: Pool First, Lurkers 

Get SALT Encoding   

  12  0:18  Spawning Pool  
  11  0:22  Drone  
  11  0:26  Drone  
  13  0:31  Drone  
  14  0:42  Overlord  
  14  1:06  Zergling x6  
  17  1:17  Zergling x2  
  18  1:21  Hatchery  
  17  1:28  Zergling x2  
  18  1:35  Queen  
  18  1:39  Zergling x2  
  21  1:50  Overlord  
  21  2:00  Drone  
  22  2:11  Drone, Queen  
  25  2:26  Drone  
  21  2:41  Drone x2  
  21  2:42  Queen  
  24  2:44  Drone  
  24  2:47  Queen  
  27  2:55  Drone  
  27  2:58  Spine Crawler  
  27  2:59  Drone x2  
  29  3:07  Drone x2  
  29  3:10  Drone  
  29  3:11  Drone  
  33  3:21  Queen  
  35  3:39  Drone  
  36  3:41  Overlord  
  36  3:42  Overlord  
  36  3:53  Extractor  
  35  3:55  Drone  
  35  3:56  Drone, Extractor  
  35  3:57  Hatchery  
  35  4:01  Drone x5  
  40  4:17  Overlord  
  40  4:18  Drone x5  
  40  4:22  Drone x2  
  47  4:27  Drone  
  48  4:38  Roach Warren  
  47  4:40  Drone  
  47  4:41  Drone x2  
  47  4:42  Evolution Chamber  
  49  4:45  Extractor  
  49  4:48  Drone  
  49  4:51  Lair  
  49  4:53  Drone x3  
  52  5:02  Drone x4, Extractor  
  55  5:07  Overlord  
  55  5:16  Zerg Missile Weapons Level 1  
  55  5:27  Drone  
  55  5:28  Drone x8  
  64  5:32  Overlord x2  
  64  5:34  Overlord  
  64  5:42  Overlord x2  
  64  5:50  Overseer  
  64  5:52  Glial Reconstitution  
  64  5:54  Drone x7  
  71  5:59  Roach  
  71  6:01  Evolution Chamber  
  72  6:06  Roach x3  
  78  6:15  Roach x5  
  88  6:20  Overlord  
  88  6:25  Roach x3  
  94  6:30  Zerg Ground Armor Level 1  
  94  6:35  Extractor  
  94  6:36  Roach x5  
  103  6:53  Overlord x3  
  105  6:54  Roach x3  
  105  6:55  Roach x2  
  105  7:00  Overlord  
  113  7:13  Zerg Missile Weapons Level 2  
  113  7:14  Drone x2  
  113  7:15  Drone  
  116  7:18  Roach  
  116  7:19  Roach x7  
  132  7:24  Drone  
  132  7:28  Hydralisk Den  
  132  7:33  Drone  
  132  7:34  Overlord x4  
  133  7:42  Drone x2  
  133  7:43  Extractor, Hatchery  
  135  7:44  Roach x2  
  135  7:45  Roach x3  
  143  7:55  Overlord x2  
  143  7:57  Grooved Spines  
  143  8:12  Hydralisk x9  
  161  8:23  Drone x2  
  161  8:24  Drone x5  
  168  8:36  Hydralisk x5  
  178  8:44  Lurker Den  
  175  8:57  Hydralisk  
  175  8:58  Hydralisk x5  
  181  9:10  Extractor  
  181  9:11  Muscular Augments, Hydralisk  
  181  9:12  Hydralisk  
  184  9:19  Hydralisk  
  184  9:20  Hydralisk  
  188  9:25  Extractor  
  188  9:28  Hydralisk  
  188  9:29  Hydralisk  
  191  9:35  Roach x3  
  191  9:36  Roach  
  199  9:41  Overseer x2  
  171  10:21  Hydralisk  
  171  10:22  Hydralisk x13  
  164  10:54  Queen  
  166  10:58  Lurker  
  166  10:59  Lurker x5  
  166  11:02  Roach x5  
  182  11:06  Roach x3  
  182  11:09  Drone x2  
  182  11:10  Drone x2  
  192  11:12  Roach x4  
  200  11:20  Pneumatized Carapace  
  166  12:05  Overseer  
  166  12:06  Hydralisk  
  166  12:07  Hydralisk x17  
Show
View Real Time Build Order
Export as new Build Order

Bioice Zerg - Winner!

Build Orders: Hatch First, Lurkers 

Get SALT Encoding   

  12  0:01  Drone  
  13  0:12  Overlord  
  13  0:17  Drone  
  14  0:32  Drone x2  
  16  0:49  Hatchery  
  15  0:52  Drone  
  15  0:56  Drone  
  17  0:59  Drone  
  18  1:06  Extractor  
  17  1:15  Spawning Pool  
  17  1:18  Drone  
  17  1:22  Drone  
  18  1:32  Drone  
  19  1:40  Drone  
  20  1:49  Overlord  
  20  2:02  Queen x2  
  20  2:03  Zergling x4  
  26  2:09  Spine Crawler  
  26  2:11  Zergling x2  
  26  2:16  Zergling x2  
  21  2:32  Zergling x2  
  17  2:40  Drone x3  
  20  2:44  Drone  
  21  2:51  Drone  
  21  2:56  Drone  
  22  3:00  Drone  
  23  3:09  Drone x2  
  25  3:16  Drone  
  25  3:17  Drone x2  
  29  3:20  Drone  
  29  3:23  Drone  
  29  3:26  Drone  
  31  3:28  Drone  
  31  3:33  Drone  
  33  3:34  Drone  
  33  3:39  Drone  
  33  3:42  Drone x2  
  33  3:46  Drone  
  36  3:49  Overlord  
  36  4:02  Drone, Hatchery  
  37  4:10  Drone  
  37  4:12  Overlord  
  37  4:14  Drone  
  37  4:15  Drone x2, Evolution Chamber  
  39  4:22  Overlord  
  39  4:30  Overlord  
  39  4:31  Drone x2  
  39  4:32  Drone x3  
  44  4:39  Queen  
  44  4:41  Overlord  
  46  4:49  Lair, Zerg Missile Weapons Level 1  
  46  4:57  Roach Warren  
  46  4:58  Extractor x2  
  46  4:59  Drone  
  44  5:00  Drone x2  
  44  5:02  Drone  
  44  5:03  Drone  
  44  5:05  Drone  
  49  5:19  Overlord  
  49  5:27  Overlord  
  49  5:30  Drone x5  
  49  5:32  Overlord  
  54  5:39  Roach x4  
  54  5:40  Roach  
  64  5:44  Roach  
  64  5:45  Roach  
  64  5:48  Overlord  
  64  5:49  Overlord  
  68  5:57  Glial Reconstitution  
  68  6:01  Roach  
  70  6:05  Roach  
  70  6:07  Overseer  
  70  6:09  Roach x3  
  70  6:10  Overlord  
  70  6:11  Drone x5  
  82  6:15  Drone  
  84  6:24  Roach x5  
  94  6:35  Drone x2  
  94  6:36  Drone x3  
  99  6:42  Extractor  
  98  6:54  Drone x3  
  98  6:55  Drone  
  98  6:58  Drone x4  
  98  6:59  Drone x2  
  98  7:00  Extractor  
  98  7:01  Drone x2, Extractor  
  109  7:02  Hydralisk Den  
  109  7:04  Zerg Missile Weapons Level 2  
  109  7:06  Drone  
  109  7:07  Drone  
  111  7:08  Roach  
  111  7:09  Hydralisk Den  
  111  7:15  Overlord x2  
  110  7:19  Roach x4  
  110  7:20  Hatchery  
  117  7:25  Overlord  
  117  7:26  Overlord  
  117  7:27  Pneumatized Carapace  
  117  7:31  Roach x2  
  117  7:34  Overlord  
  121  7:40  Grooved Spines  
  121  7:42  Muscular Augments  
  121  7:44  Hydralisk  
  121  7:48  Hydralisk  
  121  7:50  Hydralisk  
  127  7:52  Roach  
  127  7:54  Roach  
  127  7:55  Roach  
  127  7:57  Roach  
  135  8:03  Overseer  
  135  8:05  Roach x2  
  139  8:06  Roach, Overlord x2  
  139  8:09  Overlord  
  139  8:10  Roach  
  139  8:11  Roach x3  
  149  8:16  Roach x3  
  149  8:17  Roach  
  149  8:18  Roach  
  159  8:31  Roach  
  159  8:32  Roach x4  
  169  8:37  Hydralisk  
  171  8:42  Hydralisk x2  
  171  8:43  Hydralisk x2  
  179  8:50  Roach x3  
  179  8:51  Roach x3  
  179  8:55  Drone x3  
  191  8:56  Drone  
  192  9:05  Lurker Den  
  192  9:06  Drone  
  192  9:14  Overlord  
  192  9:17  Extractor  
  192  9:20  Extractor, Zerg Ground Armor Level 1  
  190  9:38  Roach  
  192  9:39  Overlord  
  192  9:46  Overlord  
  192  9:59  Hydralisk x4  
  194  10:05  Roach x2  
  200  10:09  Roach  
  198  10:14  Roach  
  174  10:26  Roach x4  
  174  10:27  Roach x20  
  181  10:32  Lurker x2  
  181  10:33  Lurker  
  168  10:45  Drone  
  168  10:46  Drone  
  168  10:47  Drone, Infestation Pit  
  168  10:48  Overlord  
  168  10:49  Overlord x4  
  168  10:56  Overlord x2  
  168  11:01  Lurker, Hatchery  
  168  11:03  Overlord x2  
  168  11:07  Lurker x4  
  168  11:08  Lurker  
  173  11:11  Hydralisk x3  
  179  11:19  Nydus Network  
  179  11:25  Hydralisk x2  
  178  11:28  Hydralisk  
  178  11:31  Hydralisk  
  186  11:37  Hydralisk x3  
  192  11:41  Overseer x2  
  181  11:57  Hydralisk x6  
  181  12:01  Roach x2  
  166  12:04  Roach  
  166  12:06  Lurker  
  166  12:07  Lurker, Roach  
  166  12:08  Roach  
  152  12:11  Lurker  
  152  12:12  Roach  
Tags
 
Add a new tag
Caveats
  • Supply blocks, unpowered buildings, or Contaminate may cause inaccurate times.
  • Supply counts are checked every 10 seconds.